 Dungeon Crawl Stone Soup version 0.32-a0-329-ge6c31236d6 (webtiles) character file.

Game seed: 7337322205043552053

6 anacleto the Firebug (level 1, -2/19 HPs)
             Began as a Mountain Dwarf Cinder Acolyte on Feb 17, 2024.
             Was a High Priest of Ignis.
             Slain by a kobold
             ... wielding a +0 short sword
              (4 damage)
             ... on level 1 of the Dungeon.
             The game lasted 00:01:11 (222 turns).

anacleto the Firebug (Mountain Dwarf Cinder Acolyte) Turns: 222, Time: 00:01:12

Health: -2/19      AC:  2    Str: 16    XL:     1   Next: 75%
Magic:  2/2        EV: 11    Int: 20    God:    Ignis [*****.]
Gold:   20         SH:  0    Dex:  5    Spells: 2/2 levels left

rFire   + . .        a - -1 mace (flame)
rCold   . . .        (no shield)
rNeg    . . .        b - +0 robe
rPois   .            (no helmet)
rElec   .            (no cloak)
rCorr   .            (no gloves)
SInv    .            (no boots)
Will    .....        (no amulet)
Stlth   +            c - +6 ring of intelligence
HPRegen 0.23/turn    (no ring)
MPRegen 0.08/turn

%: no passive effects
@: no status effects
A: runic magic, artefact enchanting
a: Renounce Religion, Fiery Armour, Foxfire Swarm, Rising Flame


You were on level 1 of the Dungeon.
You worshipped Ignis.
Ignis was extremely pleased with you.
You visited 1 branch of the dungeon, and saw 1 of its levels.

You collected 20 gold pieces.

Inventory:

Hand Weapons
 a - a -1 mace of flaming (weapon)
Missiles
 e - 10 stones (quivered)
Armour
 b - a +0 robe (worn)
Jewellery
 c - a +6 ring of intelligence (left hand)
Potions
 d - a potion of ambrosia {unknown}


   Skills:
 + Level 3.4 Fighting
 + Level 3.7 Maces & Flails
 + Level 1.1 Spellcasting
 + Level 3.7 Fire Magic


You had 2 spell levels left.
You didn't know any spells.
Your spell library contained the following spells:

 Spells                   Type           Power      Damage    Failure   Level
 Scorch                   Fire           32%        2d6       5%          2
 Ensorcelled Hibernation  Hex/Ice        2%         N/A       26%         2
 Fugue of the Fallen      Necr           1%         N/A       45%         3
 Anguish                  Hex/Necr       0%         N/A       86%         4


Dungeon Overview and Level Annotations

Branches:
Dungeon (1/15)

Altars:


Innate Abilities, Weirdness & Mutations

Your spellcasting is much less encumbered by armour.
You can use scrolls of enchantment on lesser artefacts.


Message History

The hobgoblin is heavily wounded.
The hobgoblin hits you.
The giant cockroach completely misses you.
You closely miss the hobgoblin.
The hobgoblin is heavily wounded.
The hobgoblin hits you but does no damage.
The giant cockroach closely misses you.
You hit the hobgoblin but do no damage.
The hobgoblin is heavily wounded.
The giant cockroach bites you. The hobgoblin hits you.
The giant cockroach bites you. The hobgoblin hits you.
* * * LOW HITPOINT WARNING * * *
You closely miss the hobgoblin.
The hobgoblin is heavily wounded.
The giant cockroach bites you but does no damage.
The hobgoblin misses you.
The hobgoblin attacks as it pursues you!
The hobgoblin hits you.
* * * LOW HITPOINT WARNING * * *
The giant cockroach barely misses you. The giant cockroach bites you.
* * * LOW HITPOINT WARNING * * *
You see here a rat corpse.
The kobold attacks as it pursues you! The kobold hits you but does no damage.
The giant cockroach attacks as it pursues you!
The giant cockroach closely misses you. The kobold attacks as it pursues you!
The kobold barely misses you. The kobold attacks as it pursues you!
The kobold closely misses you.
You hit the giant cockroach but do no damage.
The giant cockroach bites you.
* * * LOW HITPOINT WARNING * * *
The kobold closely misses you. The giant cockroach bites you.
* * * LOW HITPOINT WARNING * * *
The giant cockroach waves its antennae.
The kobold attacks as it pursues you! The kobold closely misses you.
The giant cockroach attacks as it pursues you!
The giant cockroach barely misses you. The kobold attacks as it pursues you!
The kobold hits you with a +0 short sword.
You die...
Ignis goes out, and joins you in death.

#.......#........#
#.#####.#......#.#
#.# #.######.#.#
#.# #..........##
#.############.....
#.................#
#.................#
#..K..............#
#.@Bg.............#
#.######†.........#
#.# #..........#
#.# #........†..
#.# ##########.) #.
#.. ## ###+########
........Kg>.
............


You could see a giant cockroach, a hobgoblin and a kobold.

Vanquished Creatures
  A kobold (D:1)
  A ball python (D:1)
  A bat (D:1)
  A rat (D:1)
4 creatures vanquished.

Notes
Turn   | Place    | Note
-------+----------+-------------------------------------------
     0 | D:1      | anacleto the Mountain Dwarf Cinder Acolyte began the quest
                  | for the Orb.
     0 | D:1      | Reached XP level 1. HP: 19/19 MP: 2/2
    44 | D:1      | Found a faded altar of an unknown god.
   222 | D:1      | Slain by a kobold

Illustrated notes

Levels and vault maps discovered:
D:1:      heliophobic_arrival_battle_scene, layout_basic, basic_ecumenical_altar

Action                     || total
---------------------------++-------
  Melee: Mace              ||    29
 Armour: Robe              ||    45
  Dodge: Dodged            ||    42

Table legend: (Time is in decaauts)
 A = Elapsed time spent in this place.
 B = Non-inter-level travel time spent in this place.
 C = Inter-level travel time spent in this place.
 D = Time resting spent in this place.
 E = Time spent auto-exploring this place.
 F = Levels seen in this place.
 G = Mean time per level.
                   A        B        C        D        E       F      G
               +--------+--------+--------+--------+--------+-----+--------+
         Total |    227 |    227 |      0 |      0 |    130 |   1 |  227.0 |
       Dungeon |    227 |    227 |      0 |      0 |    130 |   1 |  227.0 |
               +--------+--------+--------+--------+--------+-----+--------+

Top non-repeatable levels by time:
     D:1: 227 daAuts
